EVO
PENNSYLVANIA STATE UNIVERSITY NITTANY LIONS @ UNIVERSITY OF MICHIGAN WOLVERINES
08/26/2046
 
TOP OF THE 1ST
Pennsylvania State University Nittany Lions batting - Pitching for University of Michigan Wolverines : LHP Jeff Conti
Pitching: LHP Jeff Conti
Batting: RHB John Hopkins 0-0: Ball
1-0: Ball
2-0: Ball
3-0: Called Strike
3-1: Called Strike
3-2: Strikes out swinging
Batting: RHB Craig Alvarado 0-0: Ball
1-0: Ball
2-0: Ball
3-0: Base on Balls
Batting: RHB Kaoru Hamada 0-0: Foul Ball, location: 2F
0-1: Fielders Choice at 2nd, 1-4 (Groundball, 15S, EV 67.5 MPH)
Batting: SHB Glenn Harrison 0-0: Ball
1-0: Ball
2-0: Ball
3-0: Called Strike
3-1: Ground out 4-3 (Groundball, 34, EV 82.5 MPH)
Top of the 1st over - 0 runs, 0 hits, 0 errors, 1 left on base; Pennsylvania State University 0 - University of Michigan 0
BOTTOM OF THE 1ST
University of Michigan Wolverines batting - Pitching for Pennsylvania State University Nittany Lions : RHP Quincy Potvin
Pitching: RHP Quincy Potvin
Batting: LHB Tony Olvera 0-0: Swinging Strike
0-1: Ground out 6-3 (Groundball, 6MD, EV 105.6 MPH)
Batting: RHB Jason Rhodes 0-0: Ball
1-0: Called Strike
1-1: Fly out, F7 (Flyball, 7, EV 98.8 MPH)
Batting: LHB Adrian Navarro 0-0: Foul Ball, location: 2F
0-1: Foul Ball, location: 2F
0-2: Foul Ball, location: 2F
0-2: Ball
1-2: Foul Ball, location: 2F
1-2: Ball
2-2: Foul Ball, location: 2F
2-2: Ball
3-2: Foul Ball, location: 2F
3-2: Fly out, F9 (Flyball, 9D, EV 97.5 MPH)
Bottom of the 1st over - 0 runs, 0 hits, 0 errors, 0 left on base; Pennsylvania State University 0 - University of Michigan 0
TOP OF THE 2ND
Pennsylvania State University Nittany Lions batting - Pitching for University of Michigan Wolverines : LHP Jeff Conti
Batting: RHB Klaus Brown 0-0: Foul Ball, location: 2F
0-1: Ball
1-1: Called Strike
1-2: Ball
2-2: Strikes out swinging
Batting: RHB Mike Smith 0-0: Called Strike
0-1: Swinging Strike
0-2: Ball
1-2: Foul Ball, location: 2F
1-2: Foul Ball, location: 2F
1-2: Foul Ball, location: 2F
1-2: Ground out 4-3 (Groundball, 4, EV 107.5 MPH)
Batting: SHB Oscar Barahona 0-0: Ball
1-0: Called Strike
1-1: Fly out, F9 (Flyball, 9D, EV 98.1 MPH)
Top of the 2nd over - 0 runs, 0 hits, 0 errors, 0 left on base; Pennsylvania State University 0 - University of Michigan 0
BOTTOM OF THE 2ND
University of Michigan Wolverines batting - Pitching for Pennsylvania State University Nittany Lions : RHP Quincy Potvin
Batting: RHB Justin Young 0-0: Ball
1-0: Foul Ball, location: 2F
1-1: Reached on error, E3 (Groundball, 3, EV 90.6 MPH)
Batting: LHB Dave Cook 0-0: Fly out, F9 (Flyball, 9, EV 80.6 MPH)
Batting: RHB Jamie Broadhurst 0-0: Called Strike
0-1: Called Strike
0-2: Ball
1-2: Strikes out swinging
Batting: RHB Edwin Nunez 0-0: Foul Ball, location: 2F
0-1: Ground out 1-3 (Groundball, 13S, EV 73.8 MPH)
Bottom of the 2nd over - 0 runs, 0 hits, 1 error, 1 left on base; Pennsylvania State University 0 - University of Michigan 0
TOP OF THE 3RD
Pennsylvania State University Nittany Lions batting - Pitching for University of Michigan Wolverines : LHP Jeff Conti
Batting: LHB Elijah Mallandain 0-0: Called Strike
0-1: SINGLE (Groundball, 5D, EV 97.5 MPH)
Batting: LHB Josh Lane 0-0: Ball
1-0: Swinging Strike
1-1: Ball
2-1: Ball
3-1: Fly out, F7 (Flyball, 7D, EV 107.5 MPH)
Runner from 1st tags up, SAFE at 2nd
Batting: RHB John Hopkins 0-0: Foul Ball, location: 2F
0-1: Ball
1-1: Reached on error, E3 (Groundball, 34, EV 91.9 MPH)
Elijah Mallandain to third
Batting: RHB Craig Alvarado 0-0: Foul Ball, location: 2F
0-1: Ball
1-1: Fly out, F8 (Flyball, 8LD, EV 86.2 MPH)
Runner from 3rd tags up, SCORES, throw by CF
Batting: RHB Kaoru Hamada 0-0: Called Strike
0-1: DOUBLE (Line Drive, 9LM, EV 96.2 MPH)
John Hopkins to third
Runner from 3rd tries for Home, SAFE, throw by RF to trailing runner, SAFE at third!
Batting: SHB Glenn Harrison 0-0: Ball
1-0: DOUBLE (Line Drive, 78M, EV 106.2 MPH)
Kaoru Hamada scores
Batting: RHB Klaus Brown 0-0: Ball
1-0: Ball
2-0: Called Strike
2-1: Fly out, F2 (Popup, 23F, EV 87.5 MPH)
Top of the 3rd over - 3 runs, 3 hits, 1 error, 1 left on base; Pennsylvania State University 3 - University of Michigan 0
BOTTOM OF THE 3RD
University of Michigan Wolverines batting - Pitching for Pennsylvania State University Nittany Lions : RHP Quincy Potvin
Batting: RHB Dave Guevara 0-0: Called Strike
0-1: Ball
1-1: Ball
2-1: Swinging Strike
2-2: Ball
3-2: Strikes out looking
Batting: RHB Glen Limeburner 0-0: Ball
1-0: Ball
2-0: Ball
3-0: Called Strike
3-1: DOUBLE (Groundball, 5L, EV 95.6 MPH)
Batting: LHB Tony Olvera 0-0: Fly out, F7 (Line Drive, 78S, EV 93.8 MPH)
Batting: RHB Jason Rhodes 0-0: Ball
1-0: Ball
2-0: Called Strike
2-1: Swinging Strike
2-2: Ball
3-2: Strikes out swinging
Bottom of the 3rd over - 0 runs, 1 hit, 0 errors, 1 left on base; Pennsylvania State University 3 - University of Michigan 0
TOP OF THE 4TH
Pennsylvania State University Nittany Lions batting - Pitching for University of Michigan Wolverines : LHP Jeff Conti
Batting: RHB Mike Smith 0-0: Ball
1-0: Called Strike
1-1: Ball
2-1: Swinging Strike
2-2: Ball
3-2: SINGLE (Groundball, 56D, EV 97.5 MPH)
Batting: SHB Oscar Barahona 0-0: Called Strike
0-1: Swinging Strike
Mike Smith steals 2nd base
0-2: Ball
1-2: Ball
2-2: SINGLE (Flyball, 5D, EV 95.0 MPH)
Mike Smith to third
Batting: LHB Elijah Mallandain 0-0: Ball
1-0: Foul Ball, location: 2F
1-1: Foul Ball, location: 2F
1-2: Fly out, F9 (Flyball, 89M, EV 74.4 MPH)
Runner from 3rd tags up, SCORES, throw by RF
Batting: LHB Josh Lane 0-0: Called Strike
0-1: Ball
Oscar Barahona is caught stealing 2nd base 2-6
1-1: Foul Ball, location: 2F
1-2: Ground out U3 (Groundball, 3, EV 96.9 MPH)
Top of the 4th over - 1 run, 2 hits, 0 errors, 0 left on base; Pennsylvania State University 4 - University of Michigan 0
BOTTOM OF THE 4TH
University of Michigan Wolverines batting - Pitching for Pennsylvania State University Nittany Lions : RHP Quincy Potvin
Batting: LHB Adrian Navarro 0-0: Ball
1-0: Called Strike
1-1: SOLO HOME RUN (Flyball, 89XD, EV 106.2 MPH), Distance : 408 ft
Batting: RHB Justin Young 0-0: Swinging Strike
0-1: Foul Ball, location: 2F
0-2: Foul Ball, location: 2F
0-2: Ball
1-2: Foul Ball, location: 2F
1-2: Ground out U3 (Groundball, 34, EV 86.2 MPH)
Batting: LHB Dave Cook 0-0: Ball
1-0: Ball
2-0: Called Strike
2-1: Fly out, F8 (Flyball, 8RM, EV 86.9 MPH)
Batting: RHB Jamie Broadhurst 0-0: Called Strike
0-1: Foul Ball, location: 2F
0-2: Ball
1-2: Strikes out looking
Bottom of the 4th over - 1 run, 1 hit, 0 errors, 0 left on base; Pennsylvania State University 4 - University of Michigan 1
TOP OF THE 5TH
Pennsylvania State University Nittany Lions batting - Pitching for University of Michigan Wolverines : LHP Jeff Conti
Batting: RHB John Hopkins 0-0: Called Strike
0-1: Called Strike
0-2: Ball
1-2: Ground out U3 (Groundball, 34S, EV 83.1 MPH)
Batting: RHB Craig Alvarado 0-0: Ball
1-0: Fly out, F7 (Flyball, 7, EV 82.5 MPH)
Batting: RHB Kaoru Hamada 0-0: Ball
1-0: Ball
2-0: Fly out, F5 (Popup, 5F, EV 65.6 MPH)
Top of the 5th over - 0 runs, 0 hits, 0 errors, 0 left on base; Pennsylvania State University 4 - University of Michigan 1
BOTTOM OF THE 5TH
University of Michigan Wolverines batting - Pitching for Pennsylvania State University Nittany Lions : RHP Quincy Potvin
Batting: RHB Edwin Nunez 0-0: Ball
1-0: Ball
2-0: Ball
3-0: Called Strike
3-1: Foul Ball, location: 2F
3-2: Foul Ball, location: 2F
3-2: Base on Balls
Batting: RHB Dave Guevara 0-0: Fly out, F9 (Flyball, 9D, EV 91.9 MPH)
Batting: RHB Glen Limeburner 0-0: Ball
1-0: Foul Ball, location: 2F
1-1: Foul Ball, location: 2F
1-2: Ball
2-2: Strikes out swinging
Batting: LHB Tony Olvera 0-0: Ball
1-0: Called Strike
1-1: Ball
2-1: Fielders Choice at 2nd, 6-4 (Groundball, 6, EV 93.8 MPH)
Bottom of the 5th over - 0 runs, 0 hits, 0 errors, 1 left on base; Pennsylvania State University 4 - University of Michigan 1
TOP OF THE 6TH
Pennsylvania State University Nittany Lions batting - Pitching for University of Michigan Wolverines : LHP Jeff Conti
Pitching: RHP Steve Child
Batting: SHB Glenn Harrison 0-0: Called Strike
0-1: Ball
1-1: Swinging Strike
1-2: Strikes out looking
Batting: RHB Klaus Brown 0-0: Foul Ball, location: 2F
0-1: Foul Ball, location: 2F
0-2: Foul Ball, location: 2F
0-2: Ball
1-2: Strikes out swinging
Batting: RHB Mike Smith 0-0: Called Strike
0-1: Ball
1-1: Ball
2-1: Ball
3-1: Fly out, F9 (Line Drive, 9S, EV 93.8 MPH)
Top of the 6th over - 0 runs, 0 hits, 0 errors, 0 left on base; Pennsylvania State University 4 - University of Michigan 1
BOTTOM OF THE 6TH
University of Michigan Wolverines batting - Pitching for Pennsylvania State University Nittany Lions : RHP Quincy Potvin
Batting: RHB Jason Rhodes 0-0: Called Strike
0-1: Foul Ball, location: 2F
0-2: Fly out, F8 (Line Drive, 8RM, EV 89.4 MPH)
Pitching: RHP Mike Watkins
Batting: LHB Adrian Navarro 0-0: Called Strike
0-1: Foul Ball, location: 2F
0-2: Foul Ball, location: 2F
0-2: Foul Ball, location: 2F
0-2: Foul Ball, location: 2F
0-2: Ball
1-2: Ball
2-2: Ball
3-2: Foul Ball, location: 2F
3-2: SINGLE (Flyball, 8RS, EV 98.8 MPH)
Batting: RHB Justin Young 0-0: Ball
1-0: Ball
Wild Pitch!
Adrian Navarro to second
2-0: Ball
3-0: Base on Balls
Batting: LHB Dave Cook 0-0: Ball
1-0: Fly out, F7 (Flyball, 78M, EV 90.0 MPH)
Runner from 2nd tags up, SAFE at 3rd with throw by LF
Batting: RHB Jamie Broadhurst 0-0: Called Strike
0-1: Foul Ball, location: 2F
0-2: Fielders Choice at 2nd, 6-4 (Groundball, 6, EV 83.8 MPH)
Bottom of the 6th over - 0 runs, 1 hit, 0 errors, 2 left on base; Pennsylvania State University 4 - University of Michigan 1
TOP OF THE 7TH
Pennsylvania State University Nittany Lions batting - Pitching for University of Michigan Wolverines : RHP Steve Child
Pitching: LHP Armando Salas
Batting: SHB Oscar Barahona 0-0: Called Strike
0-1: Swinging Strike
0-2: Strikes out looking
Batting: LHB Elijah Mallandain 0-0: Called Strike
0-1: Called Strike
0-2: Ball
1-2: Hit by Pitch
Batting: LHB Josh Lane 0-0: Foul Ball, location: 2F
0-1: Grounds into double play, 5-4-3 (Groundball, 56, EV 90.0 MPH)
Top of the 7th over - 0 runs, 0 hits, 0 errors, 0 left on base; Pennsylvania State University 4 - University of Michigan 1
BOTTOM OF THE 7TH
University of Michigan Wolverines batting - Pitching for Pennsylvania State University Nittany Lions : RHP Mike Watkins
Pitching: RHP Carsten Kosters
Batting: RHB Edwin Nunez 0-0: Called Strike
0-1: Ball
1-1: Ball
2-1: Ball
3-1: Swinging Strike
3-2: Ground out 6-3 (Groundball, 6, EV 88.8 MPH)
Batting: RHB Dave Guevara 0-0: Ball
1-0: Swinging Strike
1-1: Ball
2-1: Ball
3-1: Foul Ball, location: 2F
3-2: Fly out, F8 (Flyball, 78M, EV 66.2 MPH)
Batting: RHB Glen Limeburner 0-0: Ball
1-0: Ball
2-0: Ball
3-0: Base on Balls
Batting: LHB Tony Olvera 0-0: Ground out 4-3 (Groundball, 4, EV 85.6 MPH)
Bottom of the 7th over - 0 runs, 0 hits, 0 errors, 1 left on base; Pennsylvania State University 4 - University of Michigan 1
TOP OF THE 8TH
Pennsylvania State University Nittany Lions batting - Pitching for University of Michigan Wolverines : LHP Armando Salas
Pitching: RHP Reginald Bamber
Batting: RHB Fernando Membreno 0-0: Called Strike
0-1: Swinging Strike
0-2: Ball
1-2: SINGLE (Groundball, 4MD, EV 100.0 MPH)
Batting: RHB Craig Alvarado 0-0: Ball
1-0: Ball
2-0: Sac Bunt to 5S - play at first, batter OUT! 5-3
Fernando Membreno to second
Batting: RHB Kaoru Hamada 0-0: Intentional Walk
Batting: SHB Glenn Harrison 0-0: Swinging Strike
0-1: Swinging Strike
0-2: Ball
Wild Pitch!
Fernando Membreno to third
Kaoru Hamada to second
1-2: SINGLE (Groundball, 3D, EV 101.9 MPH)
Fernando Membreno scores
Kaoru Hamada to third
Runner from 3rd tries for Home, SAFE, throw by RF to home
Batting: RHB Klaus Brown 0-0: Ball
1-0: Called Strike
1-1: Foul Ball, location: 2F
1-2: Foul Ball, location: 2F
1-2: Foul Ball, location: 2F
1-2: Strikes out swinging
Batting: RHB Mike Smith 0-0: Called Strike
0-1: Ball
1-1: Fly out, F8 (Flyball, 8LM, EV 85.6 MPH)
Top of the 8th over - 2 runs, 2 hits, 0 errors, 1 left on base; Pennsylvania State University 6 - University of Michigan 1
BOTTOM OF THE 8TH
University of Michigan Wolverines batting - Pitching for Pennsylvania State University Nittany Lions : RHP Carsten Kosters
Batting: RHB Jason Rhodes 0-0: Ball
1-0: Ground out 5-3 (Groundball, 56S, EV 80.6 MPH)
Batting: LHB Adrian Navarro 0-0: SOLO HOME RUN (Flyball, 7LD, EV 91.9 MPH), Distance : 338 ft
Batting: RHB Justin Young 0-0: Called Strike
0-1: Called Strike
0-2: Foul Ball, location: 2F
0-2: Ball
1-2: Ball
2-2: Ball
3-2: Foul Ball, location: 2F
3-2: Base on Balls
Pitching: RHP Carmem Bonnet
Batting: LHB Dave Cook 0-0: Fielders Choice at 2nd, 4-6 (Groundball, 34, EV 85.0 MPH)
Batting: RHB Jamie Broadhurst 0-0: Ground out 4-3 (Groundball, 34, EV 83.1 MPH)
Bottom of the 8th over - 1 run, 1 hit, 0 errors, 1 left on base; Pennsylvania State University 6 - University of Michigan 2
TOP OF THE 9TH
Pennsylvania State University Nittany Lions batting - Pitching for University of Michigan Wolverines : RHP Reginald Bamber
Pitching: RHP Danny Araiza
Batting: SHB Oscar Barahona 0-0: Called Strike
0-1: Ball
1-1: Ball
2-1: Ground out 6-3 (Groundball, 6M, EV 108.8 MPH)
Batting: LHB Elijah Mallandain 0-0: Swinging Strike
0-1: Foul Ball, location: 2F
0-2: Ball
1-2: Reached on error, E3 (Groundball, 34, EV 86.9 MPH)
Batting: LHB Josh Lane 0-0: Ball
1-0: Fly out, F8 (Flyball, 8LD, EV 90.6 MPH)
Batting: RHB Fernando Membreno 0-0: Ball
1-0: Called Strike
1-1: Ball
2-1: SINGLE (Line Drive, 78S, EV 98.8 MPH)
Elijah Mallandain to second
Runner from 2nd tries for 3rd, SAFE, no throw by LF
Batting: RHB Craig Alvarado 0-0: Ball
1-0: Called Strike
1-1: Ball
2-1: Called Strike
2-2: Strikes out looking
Top of the 9th over - 0 runs, 1 hit, 1 error, 2 left on base; Pennsylvania State University 6 - University of Michigan 2
BOTTOM OF THE 9TH
University of Michigan Wolverines batting - Pitching for Pennsylvania State University Nittany Lions : RHP Carmem Bonnet
Batting: LHB Joel Sandoval 0-0: Ball
1-0: Foul Ball, location: 2F
1-1: Ball
2-1: Ball
3-1: Ground out 6-3 (Groundball, 56, EV 91.2 MPH)
Pinch Hitting: LHB Gabe Morales 0-0: Called Strike
0-1: Ball
1-1: Ball
2-1: Ground out U3 (Groundball, 3, EV 86.9 MPH)
Batting: RHB Glen Limeburner 0-0: Foul Ball, location: 2F
0-1: Ball
1-1: Ground out 5-3 (Groundball, 56, EV 86.9 MPH)
Bottom of the 9th over - 0 runs, 0 hits, 0 errors, 0 left on base; Pennsylvania State University 6 - University of Michigan 2
Tuesday, September 13th , 2022 - OOTP Baseball 23.7 Build 88